 Dungeon Crawl Stone Soup version 0.31-a0-216-g22e908daa7 (webtiles) character file.

Game seed: 1715922643281127005

182 qw the Chopper (level 5, -2/32 HPs)
             Began as a Gargoyle Fighter on July 2, 2023.
             Was an Initiate of Okawaru.
             Slain by Edmund
             ... wielding a +3 flail of protection
              (6 damage)
             ... on level 4 of the Dungeon.
             The game lasted 00:01:38 (3299 turns).

qw the Chopper (Gargoyle Fighter)                   Turns: 3299, Time: 00:01:39

Health: -2/32      AC: 15    Str: 22    XL:     5   Next: 62%
Magic:  5/5        EV:  6    Int:  8    God:    Okawaru [......]
Gold:   130        SH:  4    Dex:  9    Spells: 4/4 levels left

rFire   . . .        Y - +0 war axe
rCold   . . .        c - +0 buckler
rNeg    + . .        n - +0 plate armour
rPois   inf          (no helmet)
rElec   +            (no cloak)
rCorr   .            (no gloves)
SInv    .            (no boots)
Will    .....        (no amulet) Stlth
                     (no ring)
HPRegen 0.25/turn    (no ring)
MPRegen 0.09/turn

%: no passive effects
@: no status effects
A: sickness immunity, AC +4, negative energy resistance 1, electricity
resistance, torment resistance 1, petrification resistance
a: Renounce Religion


You were on level 4 of the Dungeon.
You worshipped Okawaru.
Okawaru was noncommittal.
You visited 1 branch of the dungeon, and saw 4 of its levels.

You collected 130 gold pieces.


Innate Abilities, Weirdness & Mutations

You are immune to sickness and miasma.
Your stone body is resilient. (AC +4)
You are immune to poison.
You resist negative energy. (rN+)
You are resistant to electric shocks. (rElec)
You are resistant to unholy torment.
You are immune to petrification.


   Skills:
 + Level 3.6 Fighting
 - Level 5.0 Axes
 - Level 3.2 Armour
 - Level 3.2 Shields


You had 4 spell levels left.
You didn't know any spells.
Your spell library was empty.

Inventory:

Hand Weapons
 k - a +0 whip
 Y - a +0 war axe (weapon)
Missiles
 b - 2 boomerangs (quivered)
Armour
 c - a +0 buckler (worn)
 m - a +0 cloak
 n - a +0 plate armour (worn)
Scrolls
 a - a scroll of identify
Potions
 d - 2 potions of might
 f - a potion of curing
 h - a potion of magic
 i - a potion of enlightenment
 l - a potion of mutation {unknown}
 o - a potion of invisibility {unknown}

Dungeon Overview and Level Annotations

Branches:
Dungeon (4/15)
 Temple: D:4-7

Altars:
Nemelex Xobeh
Okawaru
Vehumet
Wu Jian
Yredelemnul

Annotations:
D:2 1 runed translucent door, Crazy Yiuf
D:4 Edmund


Message History

You closely miss Edmund.
Edmund is lightly wounded.
Edmund grinds his teeth, and then sighs.
Edmund hits you but does no damage.
Edmund hits you with a +3 flail of protection.
You completely miss Edmund.
Edmund is lightly wounded.
You hit the ball python but do no damage.
The ball python bites you but does no damage.
The ball python grabs you. The ball python constricts you.
You block the ball python's attack. The ball python constricts you.
Edmund hits you with a +3 flail of protection!
You barely miss the ball python. You hit Edmund but do no damage.
The ball python barely misses you. The ball python constricts you.
Edmund hits you but does no damage. The ball python bites you.
The ball python constricts you.
You barely miss the ball python. You hit Edmund but do no damage.
You float gracefully downwards.
Edmund hits you with a +3 flail of protection!
The ball python bites you but does no damage.
The ball python constricts you.
Edmund hits you with a +3 flail of protection.
You hit the ball python.
The ball python is severely wounded.
You hit Edmund but do no damage. The ball python barely misses you.
The ball python constricts you. Edmund hits you but does no damage.
The ball python bites you but does no damage.
The ball python constricts you.
You hit the ball python.
You kill the ball python!
Okawaru accepts your kill.
You hit Edmund.
Edmund hits you with a +3 flail of protection.
You slash Edmund!
Edmund is moderately wounded.
You closely miss the goblin.
Your enlightenment fades.
Edmund hits you with a +3 flail of protection.
You die...

... ... #.. #..
##.. #.. ###.#
##.###.@@###
...%...g...#
#...>......#
...#...........
## #.......#...
#.......#....
##....### ..#
..#.## .#
#.##.#


You could see Edmund and a goblin.

Vanquished Creatures
  Terence (D:2)
  8 adders
  3 dart slugs
  An orc (D:3)
  8 ball pythons
  5 endoplasms
  5 giant cockroaches
  5 goblins
  5 hobgoblins
  10 jackals
  4 quokkas
  2 bats
  4 frilled lizards
  7 kobolds
  8 rats
76 creatures vanquished.

Notes
Turn   | Place    | Note
-------+----------+-------------------------------------------
     0 | D:1      | qw the Gargoyle Fighter began the quest for the Orb.
     0 | D:1      | Reached XP level 1. HP: 14/14 MP: 1/1
     0 | D:1      | 0 ||| qw: Version: 0.3-a-35-g05ef00e
     0 | D:1      | 0 ||| qw: Game counter: 7783
     0 | D:1      | 0 ||| qw: Melee chars always use a shield: true
     0 | D:1      | 0 ||| qw: God list: Okawaru
     0 | D:1      | 0 ||| qw: Allow faded altars: false
     0 | D:1      | 0 ||| qw: Do Orc after clearing Dungeon:15 true
     0 | D:1      | 0 ||| qw: Do second Lair branch before Depths: true
     0 | D:1      | 0 ||| qw: Lair rune preference: random
     0 | D:1      | 0 ||| qw: Goals: Normal, Zot:1-4, Slime:5, God:TSO, Crypt,
                  | Tomb, Abyss, Pan, Hells, Win
     0 | D:1      | 0 ||| PLANNING D:1-11
    43 | D:1      | Reached skill level 2 in Axes
    92 | D:1      | 92 ||| Stepping ~*~*~tactically~*~*~ (hiding).
   262 | D:1      | Reached XP level 2. HP: 18/19 MP: 2/2
   808 | D:1      | 808 ||| UPGRADING to +0 plate armour.
   818 | D:1      | 818 ||| DROPPING +0 scale mail.
   819 | D:1      | 819 ||| READING scroll labelled WUJUSUIWKO.
   820 | D:1      | 820 ||| READING scroll labelled CENLO XETZ.
   821 | D:1      | 821 ||| READING scroll labelled JUCOSO TUF.
   822 | D:1      | 822 ||| READING scroll labelled PUCKEUVVUO.
   869 | D:2      | 869 ||| STAIRDANCE
   903 | D:2      | Reached skill level 3 in Axes
   980 | D:2      | Reached XP level 3. HP: 22/23 MP: 3/3
  1030 | D:2      | 1030 ||| Stepping ~*~*~tactically~*~*~ (stealth).
  1040 | D:2      | 1040 ||| Stepping ~*~*~tactically~*~*~ (stealth).
  1071 | D:2      | Found a runed translucent door.
  1072 | D:2      | Noticed Crazy Yiuf
  1151 | D:2      | 1151 ||| DROPPING +0 club.
  1202 | D:2      | Reached XP level 4. HP: 24/28 MP: 4/4
  1352 | D:2      | Noticed Terence
  1367 | D:2      | Killed Terence
  1368 | D:2      | Reached skill level 4 in Axes
  1843 | D:2      | 1843 ||| DROPPING ring of flight.
  1844 | D:2      | 1844 ||| READING scroll labelled WAPHUL BAQE.
  1845 | D:2      | 1845 ||| READING scroll labelled YSEBBUSSUM.
  1938 | D:2      | 1938 ||| READING 4 scrolls of identify.
  1938 | D:2      | 1938 ||| IDENTIFYING sapphire potion
  1939 | D:2      | 1939 ||| READING 3 scrolls of identify.
  1939 | D:2      | 1939 ||| IDENTIFYING fizzy yellow potion
  1940 | D:2      | 1940 ||| READING 2 scrolls of identify.
  1940 | D:2      | 1940 ||| IDENTIFYING smoky silvery potion
  1941 | D:2      | 1941 ||| DROPPING potion of brilliance.
  1942 | D:2      | 1942 ||| DROPPING potion of degeneration.
  1943 | D:2      | 1943 ||| DROPPING potion of berserk rage.
  1982 | D:3      | Found an iron altar of Okawaru.
  1983 | D:3      | 1983 ||| PLANNING OKAWARU WORSHIP
  1983 | D:3      | 1983 ||| STAIRDANCE
  2065 | D:3      | 2065 ||| STAIRDANCE
  2146 | D:3      | 2146 ||| STAIRDANCE
  2224 | D:3      | 2224 ||| STAIRDANCE
  2302 | D:3      | 2302 ||| STAIRDANCE
  2396 | D:3      | Became a worshipper of Warmaster Okawaru
  2397 | D:3      | 2397 ||| PLANNING D:1-11
  2444 | D:3      | 2444 ||| Stepping ~*~*~tactically~*~*~ (stealth).
  2446 | D:3      | 2446 ||| Stepping ~*~*~tactically~*~*~ (stealth).
  2500 | D:3      | Found an ornate altar of the Wu Jian Council.
  2526 | D:3      | Found a sparkling altar of Nemelex Xobeh.
  2632 | D:3      | Reached XP level 5. HP: 32/32 MP: 5/5
  2713 | D:3      | Reached skill level 5 in Axes
  2838 | D:3      | 2838 ||| Stepping ~*~*~tactically~*~*~ (hiding).
  2843 | D:3      | 2843 ||| Stepping ~*~*~tactically~*~*~ (hiding).
  3041 | D:3      | 3041 ||| Stepping ~*~*~tactically~*~*~ (hiding).
  3205 | D:3      | Found a basalt altar of Yredelemnul.
  3220 | D:3      | Found a radiant altar of Vehumet.
  3257 | D:3      | 3257 ||| READING scroll labelled LITAOS XAVVITHRUE.
  3258 | D:3      | 3258 ||| DRINKING 2 fizzy brown potions.
  3259 | D:3      | 3259 ||| DRINKING 2 sedimented yellow potions.
  3260 | D:3      | 3260 ||| READING 3 scrolls of identify.
  3260 | D:3      | 3260 ||| IDENTIFYING bubbling blue potion
  3261 | D:3      | 3261 ||| READING 2 scrolls of identify.
  3261 | D:3      | 3261 ||| IDENTIFYING viscous orange potion
  3262 | D:3      | 3262 ||| DROPPING potion of ambrosia.
  3287 | D:4      | Noticed Edmund
  3296 | D:4      | HP: 8/32 [Edmund/+3 flail of protection (1)]
  3299 | D:4      | Slain by Edmund

Levels and vault maps discovered:
D:1:      dpeg_arrival_boxorama, layout_loops_ring, nrook_uturn
D:2:      layout_basic, grunt_ministairs_8, dk_noncrumbling_3, uniq_terence,
          uniq_crazy_yiuf_cottage
D:3:      layout_rooms, okawaru_metal_pillars_1_2,
          nicolae_overflow_quartered_altars, minmay_snake_closets
D:4:      minmay_wonky_spiral, layout_rooms,
          mainiacjoe_overflow_small_starburst, uniq_edmund, uniq_robin

Skill      XL: |  1  2  3  4  5 |
---------------+----------------+-----
Axes           | 2 3 4 5 |  5.0
Fighting       | |  3.6
Armour         | |  3.2
Shields        | |  3.2

Action                     |  1- 3 |  4- 6 || total
---------------------------+-------+-------++-------
  Melee: War axe           |   101 |   147 ||   248
  Throw: Boomerang         |       |    23 ||    23
    Use: Scroll            |     4 |     8 ||    12
         Potion            |       |     2 ||     2
 Armour: Scale mail        |    27 |       ||    27
         Plate armour      |    41 |   111 ||   152
  Dodge: Dodged            |    35 |    57 ||    92
  Block: Buckler           |    20 |    23 ||    43

Table legend:
 A = Non-vault XP
 B = Vault XP
 C = Vault XP percentage of total XP
 D = Non-vault monster count
 E = Vault monster count
 F = Vault count percentage of total count
                 A         B        C        D         E       F
            +---------+---------+-------+---------+---------+-------
      Total |     135 |     126 |  48.3 |      63 |      13 |  17.1
            +---------+---------+-------+---------+---------+-------
        D:1 |      25 |       0 |   0.0 |      15 |       0 |   0.0
        D:2 |      73 |      39 |  34.8 |      29 |       3 |   9.4
        D:3 |      32 |      87 |  73.1 |      16 |      10 |  38.5
        D:4 |       5 |       0 |   0.0 |       3 |       0 |   0.0
            +---------+---------+-------+---------+---------+-------
